 Dungeon Crawl Stone Soup version 0.19.4 (webtiles) character file.

235 Jerry the Shield-Bearer (level 5, -7/46 HPs)
             Began as a Deep Dwarf Fighter on Feb 3, 2017.
             Mangled by an ogre
             ... wielding a +0 giant club
              (17 damage)
             ... on level 3 of the Dungeon.
             The game lasted 00:04:34 (1338 turns).

Jerry the Shield-Bearer (Deep Dwarf Fighter)        Turns: 1338, Time: 00:04:34

Health: -7/46      AC:  8    Str: 19    XL:     5   Next: 76%
Magic:  5/5        EV:  7    Int:  9    God:
Gold:   96         SH: 10    Dex: 13    Spells: 0 memorised, 4 levels left

rFire  . . .     SeeInvis .     a - +0 war axe
rCold  . . .     Gourm    .     b - +0 scale mail
rNeg   . . .     Faith    .     c - +0 shield
rPois  .         Spirit   .     (no helmet)
rElec  .         Reflect  .     (no cloak)
rCorr  .         Harm     .     (no gloves)
MR     .....                    q - +0 pair of boots
Stlth  ..........               (no amulet)
                                (no ring)
                                (no ring)

@: non-regenerating
A: damage resistance, recharge devices, sense surroundings 1, slow regeneration
3
a: Device Recharging


You were on level 3 of the Dungeon.
You were not hungry.

You visited 1 branch of the dungeon, and saw 3 of its levels.

You collected 96 gold pieces.

Inventory:

Hand Weapons
 a - a +0 war axe (weapon)
Armour
 b - a +0 scale mail (worn)
 c - a +0 shield (worn)
 q - a +0 pair of boots (worn)
Wands
 e - a wand of heal wounds (3/9)
Scrolls
 i - a scroll of fear {unknown}
 l - 2 scrolls of random uselessness {unknown}
 n - a scroll of immolation {unknown}
 p - a scroll of identify {unknown}
 s - a scroll of remove curse {unknown}
Potions
 d - a potion of might
 g - 2 potions of curing {unknown}
 h - a potion of ambrosia {unknown}
 j - a potion of agility {unknown}
 k - a potion of invisibility {unknown}
 m - 2 potions of degeneration {unknown}
Books
 o - a book of Cantrips

   Spells                             Type                      Level
   a - Confusing Touch                Hexes                        1
   b - Animate Skeleton               Necromancy                   1
   c - Summon Small Mammal            Summoning                    1
   d - Apportation                    Translocation                1
Comestibles
 f - 3 bread rations
 r - 8 chunks of flesh


   Skills:
 - Level 2.6 Fighting
 * Level 4.2 Axes
 + Level 4.7 Armour
 + Level 5.0 Shields


You had 4 spell levels left.
You didn't know any spells.

Dungeon Overview and Level Annotations

Branches:
Dungeon (3/15)

Altars:


Innate Abilities, Weirdness & Mutations

You are resistant to damage.
You can recharge devices by infusing magical energy.
You passively map a small area around you.
You do not regenerate.


Message History

Press: ? - help, Shift-Dir - straight line, f - you You feel much better.
This wand has 3 charges left.
The ogre hits you with a giant club!
* * * LOW HITPOINT WARNING * * *
Your shield and scale mail prevent you from hitting the ogre.
The ogre hits you with a giant club.
* * * LOW HITPOINT WARNING * * *
You hit the ogre.
The ogre is lightly wounded.
You block the ogre's attack.
You closely miss the ogre.
The ogre is lightly wounded.
You block the ogre's attack.
You slash the ogre!
The ogre is moderately wounded.
You block the ogre's attack.
You slash the ogre!
The ogre is severely wounded.
The ogre hits you with a giant club!!
You die...

#############
#######....รท.O@.).#
......#.#########.#
* #....# #.#
***#.#.#.# #.#
#..........# #.#
#.###.#.#..# #.#
#....#.# #.# *
**#,#(# .# ##.#
,,... # #..#


You could see an ogre.

Vanquished Creatures
  Sigmund (D:2)
  Ijyb (D:2)
  An ooze (D:1)
  2 dart slugs
  A leopard gecko (D:3)
  2 giant cockroaches
  3 goblins (D:1)
  9 hobgoblins
  12 jackals
  2 kobolds
  A ball python (D:1)
  6 bats
  2 frilled lizards (D:2)
  5 rats
48 creatures vanquished.

Notes
Turn   | Place    | Note
-------+----------+-------------------------------------------
     0 | D:1      | Jerry the Deep Dwarf Fighter began the quest for the Orb.
     0 | D:1      | Reached XP level 1. HP: 20/20 MP: 1/1
    82 | D:1      | Reached XP level 2. HP: 27/27 MP: 2/2
   270 | D:1      | Reached XP level 3. HP: 26/33 MP: 3/3
   335 | D:1      | Reached skill level 4 in Shields
   629 | D:2      | Noticed Sigmund
   686 | D:2      | Killed Sigmund
   686 | D:2      | Reached XP level 4. HP: 14/40 MP: 4/4
   686 | D:2      | Reached XP level 5. HP: 16/46 MP: 5/5
  1060 | D:2      | Noticed Ijyb
  1069 | D:2      | Killed Ijyb
  1069 | D:2      | Reached skill level 5 in Shields
  1313 | D:3      | Noticed an ogre
  1338 | D:3      | Mangled by an ogre

Skill      XL: |  1  2  3  4  5 |
---------------+----------------+-----
Shields        | 4 5 |  5.0
Axes           | 3 4 |  4.2
Armour         | 4 |  4.7
Fighting       | |  2.6

Action                   |  1- 3 |  4- 6 || total
-------------------------+-------+-------++-------
Melee: War axe           |    88 |    83 ||   171
Evoke: Wand              |       |     2 ||     2
  Use: Potion            |     1 |       ||     1
  Eat: Chunk             |       |     2 ||     2
Armor: Scale mail        |    47 |    29 ||    76
Dodge: Dodged            |    33 |    18 ||    51
Block: Shield            |    66 |    47 ||   113
